 Dungeon Crawl Stone Soup version 0.18.1-8-gdd0e5ea (webtiles) character file.

13502 protoss039 the Cleaver (level 11, -3/136 HPs)
             Began as a Minotaur Berserker on June 7, 2016.
             Was the Champion of Trog.
             Slain by an unseen horror (5 damage)
             ... on level 11 of the Dungeon.
             The game lasted 01:08:38 (12855 turns).

protoss039 the Cleaver (Minotaur Berserker)        Turns: 12855, Time: 01:08:40

Health: -3/136     AC: 16    Str: 30    XL:     11   Next: 76%
Magic:  3/3        EV: 11    Int:  4    God:    Trog [******]
Gold:   384        SH:  3    Dex:  8    Spells: 0 memorised, 10 levels left

rFire  . . .     SeeInvis .     B - +3 battleaxe (antimagic)
rCold  . . .     Gourm    .     y - +2 scale mail {rPois}
rNeg   + . .     Faith    .     (shield currently unavailable)
rPois  +         Spirit   .     f - +2 hat
rElec  .         Dismiss  .     t - +0 cloak
rCorr  +         Reflect  +     (no gloves)
SustAt .         Harm     .     l - +0 pair of boots
MR     .....     Rnd*Rage +     n - +3 amulet of reflection
Stlth  ..........               m - ring of positive energy
                                j - ring of resist corrosion

@: berserking, manticore barbs, very quick, not resistant to hostile
enchantments, extremely unstealthy
A: retaliatory headbutt, horns 2, talons 1, berserk 2, blurry vision 1, clumsy
1, frail 1, no device heal 1
a: Berserk, Trog's Hand, Brothers in Arms, Burn Spellbooks, Renounce Religion


You were on level 11 of the Dungeon.
You worshipped Trog.
Trog was exalted by your worship.
You were hungry.

You visited 1 branch of the dungeon, and saw 11 of its levels.

You collected 543 gold pieces.
You spent 159 gold pieces at shops.

Inventory:

Hand Weapons
 B - a +3 antimagic battleaxe (weapon)
Armour
 f - a +2 hat (worn)
 l - a +0 pair of boots (worn)
 t - a +0 cloak (worn)
 u - a +0 plate armour
 y - a +2 scale mail of poison resistance (worn)
 F - a +0 mottled dragon armour
Rods
 a - a +5 iron rod (14/14)
   (You took it off an orc on level 10 of the Dungeon)
Jewellery
 j - a ring of resist corrosion (left hand)
 m - a ring of positive energy (right hand)
 n - a +3 amulet of reflection (around neck)
 s - an uncursed ring of protection from cold
 x - a cursed -3 ring of strength {unknown}
 G - an uncursed amulet of dismissal
 H - an uncursed ring of fire {unknown}
Wands
 b - a wand of paralysis (13/24)
 k - a wand of random effects (23/48)
 o - a wand of paralysis (19/24)
 v - a wand of iceblast (0/15)
 C - a wand of confusion (34/48)
 M - a wand of slowing (24/48)
Scrolls
 h - a scroll of enchant weapon
 p - 4 scrolls of teleportation
 r - 2 scrolls of remove curse
 w - 4 scrolls of identify
Potions
 d - 2 potions of resistance
 e - 3 potions of flight
 q - a potion of mutation
Comestibles
 c - 9 bread rations
 g - 2 meat rations
 i - 7 fruits


   Skills:
 + Level 11.5 Fighting
 + Level 14.3(14.4) Axes
   Level 1.7(9.7) Polearms
 * Level 12.7 Armour
 - Level 3.0 Dodging
 + Level 2.2 Evocations


You had 10 spell levels left.
You didn't know any spells.

Dungeon Overview and Level Annotations

Branches:
Dungeon (11/15)            Temple (0/1) D:7            Lair (0/8) D:8
    Orc (0/2) D:9

Altars:
Ashenzari
Cheibriados
Elyvilon
Fedhas
Nemelex Xobeh
Okawaru
Qazlal
Sif Muna
Trog
Vehumet
Xom
Yredelemnul
The Shining One

Shops:
D:5 }   D:8 (   D:10 ?

Portals:
Trove: D:10 (give 6 scrolls of blinking)


Innate Abilities, Weirdness & Mutations

You reflexively headbutt those who attack you in melee.
You have a pair of horns on your head.
You have sharp toenails.
You often lose your temper in combat.
Scrolls take you a little longer to read.
You are clumsy. (Dex -2)
You are frail (-10% HP).
Potions and wands are less effective at restoring your health.


Message History

A red film seems to cover your vision as you go berserk!
You feel yourself moving faster!
You feel mighty!
You are feeling hungry.
Something hits you but does no damage. x2
You are too berserk!
Unknown command.
You are too berserk!
You are too injured to fight recklessly!
You are too injured to fight recklessly!
You are too injured to fight recklessly!
Unknown command.
You slash the worker ant! Your headbutt misses the worker ant.
The worker ant is severely wounded.
You slash something! Something hits you but does no damage.
The worker ant bites you but does no damage.
You barely miss the worker ant. You headbutt the worker ant.
You kill the worker ant!
Trog accepts your kill.
You hit something. Something hits you.
You die...

###### ... ..##..# #.#
..# #.....# # #...#.# .#
#...#.###..# ###..
####.........##.#......#
.....
.......................#
..... #...@†..#
...#......# ...##
##...........(......#
...#
#.#...............!#
...#
.........####.#......
#### .##
.#.........##...# .. ..
..............# . ..
....##.....#..# ##.
....##).......##
#.##...#.##..#


There were no monsters in sight!

Vanquished Creatures
  Urug (D:11)
  The ghost of M4edhros the Unseen, a novice OpAr of Fedhas (D:9)
  5 hill giants
  The ghost of F1L1N the Skirmisher, a novice GrBe of Trog (D:6)
  A centaur zombie (D:11)
  A gargoyle (D:11)
  2 centaur skeletons (D:11)
  A troll (D:11)
  Grinder (D:4)
  A slime creature (D:8)
  The ghost of M4edhros the Covert, an amateur OpAr (D:5)
  A spriggan (D:7)
  5 yaks
  Sigmund (D:4)
  A hungry ghost (D:10)
  A mottled dragon (D:10)
  4 ice beasts
  7 sky beasts
  2 phantoms
  8 ogres
  3 orc warriors
  2 black bears
  A necrophage (D:9)
  3 centaurs
  A big kobold (D:8)
  7 giant frogs
  A gnoll sergeant (D:8)
  4 scorpions
  13 killer bees
  4 wights (D:8)
  7 howler monkeys
  8 crimson imps
  6 hounds
  15 jellies
  2 quasits
  3 orc priests
  2 giant frog skeletons
  11 orc wizards
  An iguana (D:7)
  6 worker ants
  Terence (D:3)
  A killer bee zombie (D:10)
  A worker ant zombie (D:5)
  Robin (D:2)
  14 gnolls
  4 river rats (D:8)
  14 adders
  4 shadow imps
  15 oozes
  3 adder zombies
  3 worms
  A dart slug (D:1)
  6 giant geckos
  81 orcs
  3 ball pythons
  A giant cockroach (D:2)
  17 goblins
  16 hobgoblins
  20 jackals
  7 quokkas
  A ball python skeleton (D:4)
  20 bats
  6 giant newts
  A jackal skeleton (D:5)
  A jackal zombie (D:7)
  12 kobolds
  18 rats
  3 fungi (D:8)
421 creatures vanquished.

Vanquished Creatures (others)
  4 fungi (D:8)
4 creatures vanquished.

Grand Total: 425 creatures vanquished

Notes
Turn   | Place    | Note
--------------------------------------------------------------
     0 | D:1      | protoss039 the Minotaur Berserker began the quest for the Orb.
     0 | D:1      | Reached XP level 1. HP: 19/19 MP: 0/0
   239 | D:1      | HP: 1/20 [hobgoblin/club (2)]
   241 | D:1      | Reached XP level 2. HP: 2/27 MP: 1/1
   574 | D:1      | Reached skill level 4 in Axes
   848 | D:1      | Reached XP level 3. HP: 31/33 MP: 2/2
   938 | D:2      | Found a faded altar to an unknown god.
  1407 | D:2      | Reached ** piety under Trog
  1413 | D:2      | Found a shattered altar of Ashenzari.
  1524 | D:2      | Reached XP level 4. HP: 18/41 MP: 3/3
  2001 | D:2      | Noticed Robin
  2017 | D:2      | Killed Robin
  2017 | D:2      | Reached skill level 5 in Axes
  2540 | D:2      | Reached XP level 5. HP: 44/47 MP: 4/4
  2718 | D:3      | Reached *** piety under Trog
  2841 | D:3      | Reached skill level 5 in Fighting
  2905 | D:3      | Received a gift from Trog
  2908 | D:3      | Reached XP level 6. HP: 47/56 MP: 5/5
  3116 | D:3      | Noticed Terence
  3184 | D:3      | Killed Terence
  3909 | D:4      | Reached **** piety under Trog
  3975 | D:4      | Found a radiant altar of Vehumet.
  3976 | D:4      | Found a white marble altar of Elyvilon.
  4058 | D:4      | Noticed a sky beast
  4068 | D:4      | Killed a sky beast
  4068 | D:4      | Reached skill level 5 in Armour
  4081 | D:4      | Found a bloodstained altar of Trog.
  4137 | D:4      | Noticed Grinder
  4139 | D:4      | Paralysed by Grinder for 3 turns
  4148 | D:4      | Found a blossoming altar of Fedhas.
  4154 | D:4      | Killed Grinder
  4154 | D:4      | Reached skill level 6 in Axes
  4154 | D:4      | Reached XP level 7. HP: 13/62 MP: 6/6
  4200 | D:4      | Noticed Sigmund
  4215 | D:4      | Killed Sigmund
  4483 | D:4      | Found a stormy altar of Qazlal.
  4690 | D:5      | Entered Level 5 of the Dungeon
  4783 | D:5      | Noticed M4edhros's ghost (amateur OpAr)
  4797 | D:5      | Killed M4edhros's ghost
  4797 | D:5      | Reached XP level 8. HP: 49/71 MP: 7/7
  5021 | D:5      | Reached skill level 7 in Axes
  5367 | D:5      | Found Majopit's Quality Used Wands.
  5447 | D:5      | Found a snail-covered altar of Cheibriados.
  5993 | D:6      | Reached skill level 8 in Axes
  6045 | D:6      | Reached XP level 9. HP: 74/79 MP: 8/8
  6060 | D:6      | Found a sparkling altar of Nemelex Xobeh.
  6162 | D:6      | Found an iron altar of Okawaru.
  6200 | D:6      | Noticed F1L1N's ghost (novice GrBe)
  6263 | D:6      | Killed F1L1N's ghost
  6263 | D:6      | Reached skill level 9 in Axes
  6263 | D:6      | Reached skill level 10 in Armour
  6434 | D:6      | Gained mutation: You tend to lose your temper in combat. [mutagenic meat]
  6435 | D:6      | Gained mutation: You often lose your temper in combat. [mutagenic meat]
  6436 | D:6      | Gained mutation: You have sharp toenails. [mutagenic meat]
  6437 | D:6      | Gained mutation: Potions and wands are less effective at restoring your health. [mutagenic meat]
  6483 | D:6      | Found a deep blue altar of Sif Muna.
  6681 | D:6      | Got an ichor-stained dagger
  6865 | D:7      | Found a sparkling altar of Nemelex Xobeh.
  6887 | D:7      | Found a staircase to the Ecumenical Temple.
  7203 | D:7      | Found a glowing golden altar of the Shining One.
  7278 | D:7      | Gained mutation: You are clumsy. (Dex -2) [mutagenic meat]
  7280 | D:7      | Gained mutation: Scrolls take you a little longer to read. [mutagenic meat]
  7313 | D:7      | Reached skill level 1 in Polearms
  7360 | D:7      | Reached ***** piety under Trog
  7602 | D:7      | Reached skill level 10 in Axes
  7868 | D:8      | Reached XP level 10. HP: 59/90 MP: 9/9
  8238 | D:8      | Reached skill level 1 in Evocations
  8431 | D:8      | Found Qeatapt's Weapon Boutique.
  8615 | D:8      | Received a gift from Trog
  8708 | D:8      | Found a shimmering altar of Xom.
  8932 | D:8      | Reached skill level 11 in Axes
  9076 | D:8      | Gained mutation: You are frail (-10% HP). [potion of mutation]
  9087 | D:8      | Found a staircase to the Lair.
  9193 | D:8      | Received a gift from Trog
  9528 | D:9      | Noticed M4edhros's ghost (novice OpAr)
  9539 | D:9      | Killed M4edhros's ghost
  9539 | D:9      | Reached skill level 12 in Axes
  9612 | D:9      | Found a staircase to the Orcish Mines.
  9718 | D:9      | Reached skill level 10 in Fighting
 10070 | D:10     | Entered Level 10 of the Dungeon
 10076 | D:10     | Noticed a hill giant
 10137 | D:10     | Killed a hill giant
 10157 | D:10     | Reached XP level 11. HP: 82/90 MP: 3/11
 10168 | D:10     | Reached ****** piety under Trog
 10194 | D:10     | Received a gift from Trog
 10655 | D:10     | Reached skill level 13 in Axes
 10722 | D:10     | Found a portal to a secret trove of treasure.
 10785 | D:10     | Noticed a hill giant
 10794 | D:10     | Killed a hill giant
 10908 | D:10     | Found Toreid's Magic Scroll Boutique.
 10916 | D:10     | Bought a scroll of identify for 22 gold pieces
 10916 | D:10     | Bought a scroll of identify for 22 gold pieces
 10916 | D:10     | Bought a scroll of teleportation for 33 gold pieces
 10916 | D:10     | Bought a scroll of enchant armour for 82 gold pieces
 11068 | D:10     | Found a basalt altar of Yredelemnul.
 11231 | D:11     | Noticed a hill giant
 11236 | D:11     | Killed a hill giant
 11819 | D:11     | Noticed a hill giant
 11850 | D:11     | Killed a hill giant
 12108 | D:11     | Noticed Urug
 12126 | D:11     | Killed Urug
 12126 | D:11     | Reached skill level 14 in Axes
 12471 | D:11     | Noticed a hill giant
 12474 | D:11     | Killed a hill giant
 12849 | D:11     | HP: 4/91 [something (3)]
 12851 | D:11     | HP: 1/91 [something (3)]
 12855 | D:11     | Slain by an unseen horror

Skill      XL: |  1  2  3  4  5  6  7  8  9 10 11 |
---------------+----------------------------------+-----
Fighting       | 4 5 6 7 8 10 11 | 11.5
Axes           | 4 5 6 8 10 12 14 | 14.3
Dodging        | 3 |  3.0
Armour         | 3 4 6 8 9 11 12 | 12.7
Polearms       | 1 |  1.7
Evocations     | 2 |  2.2

Action                   |  1- 3 |  4- 6 |  7- 9 | 10-12 || total
-------------------------+-------+-------+-------+-------++-------
Melee: Hand axe          |    88 |   178 |   292 |   112 ||   670
       Headbutt          |    15 |    32 |    46 |    82 ||   175
       Halberd           |       |       |    62 |       ||    62
       Battleaxe         |       |       |       |   390 ||   390
Invok: Berserk           |       |     3 |     3 |     4 ||    10
       Burn Spellbooks   |       |     1 |       |       ||     1
Evoke: Wand              |       |       |       |     2 ||     2
  Use: Potion            |     2 |     1 |     5 |     5 ||    13
       Scroll            |     2 |     5 |     4 |    11 ||    22
  Eat: Chunk             |     2 |    11 |    26 |    27 ||    66
       Pizza             |       |       |     1 |     1 ||     2
       Fruit             |       |       |       |     1 ||     1
       Beef jerky        |       |       |       |     1 ||     1
Armor: Animal skin       |    11 |     1 |       |       ||    12
       Scale mail        |       |    38 |       |    76 ||   114
       Ring mail         |       |     1 |       |       ||     1
       Chain mail        |       |    43 |   192 |    75 ||   310
       Skin              |       |       |    88 |    25 ||   113
       Plate armour      |       |       |       |   148 ||   148
       Mottled dragon ar |       |       |       |    69 ||    69
Dodge: Dodged            |    46 |    92 |   125 |   224 ||   487
Block: Other             |       |       |       |    37 ||    37
